NYP
SPOKANE INDIANS @ HUDSON VALLEY RENEGADES
07/08/2049
 
TOP OF THE 1ST
Spokane Indians batting - Pitching for Hudson Valley Renegades : RHP Adam Householder
Pitching: RHP Adam Householder
Batting: RHB Theo van Gent 0-0: Called Strike
0-1: Foul Ball, location: 2F
0-2: Foul Ball, location: 2F
0-2: Ball
1-2: Foul Ball, location: 2F
1-2: Ball
2-2: Ground out 5-3 (Groundball, 56, EV 76.9 MPH)
Batting: RHB Ron Corn 0-0: Ball
1-0: Foul Ball, location: 2F
1-1: Ball
2-1: Foul Ball, location: 2F
2-2: Foul Ball, location: 2F
2-2: Ground out 6-3 (Groundball, 6, EV 83.1 MPH)
Batting: LHB Yasahiko Teshima 0-0: Called Strike
0-1: Foul Ball, location: 2F
0-2: Strikes out swinging
Top of the 1st over - 0 runs, 0 hits, 0 errors, 0 left on base; Spokane 0 - Hudson Valley 0
BOTTOM OF THE 1ST
Hudson Valley Renegades batting - Pitching for Spokane Indians : LHP Bobby Carroll
Pitching: LHP Bobby Carroll
Batting: SHB Chris Lockart 0-0: Foul Ball, location: 2F
0-1: Ball
1-1: Swinging Strike
1-2: Ball
2-2: Foul Ball, location: 2F
2-2: Foul Ball, location: 2F
2-2: Ball
3-2: Strikes out looking
Batting: LHB Jonathan Spino 0-0: Swinging Strike
0-1: Foul Ball, location: 2F
0-2: Ball
1-2: Strikes out swinging
Batting: RHB Alex Koral 0-0: Called Strike
0-1: Foul Ball, location: 2F
0-2: Foul Ball, location: 2F
0-2: Strikes out looking
Bottom of the 1st over - 0 runs, 0 hits, 0 errors, 0 left on base; Spokane 0 - Hudson Valley 0
TOP OF THE 2ND
Spokane Indians batting - Pitching for Hudson Valley Renegades : RHP Adam Householder
Batting: RHB Dale Aubrey 0-0: Ball
1-0: Fly out, F7 (Flyball, 78S, EV 91.2 MPH)
Batting: RHB Victor Moya 0-0: Called Strike
0-1: Swinging Strike
0-2: Strikes out swinging
Batting: RHB Antonio Morado 0-0: Ball
1-0: Called Strike
1-1: Ball
2-1: Swinging Strike
2-2: Fly out, F4 (Popup, 34D, EV 63.8 MPH)
Top of the 2nd over - 0 runs, 0 hits, 0 errors, 0 left on base; Spokane 0 - Hudson Valley 0
BOTTOM OF THE 2ND
Hudson Valley Renegades batting - Pitching for Spokane Indians : LHP Bobby Carroll
Batting: RHB Kunizo Yanagisawa 0-0: Ground out 5-3 (Groundball, 56S, EV 89.4 MPH)
Batting: SHB Joshua Jackson 0-0: Ball
1-0: Ground out 6-3 (Groundball, 6, EV 86.9 MPH)
Batting: RHB Wan-ling Zhu 0-0: Ball
1-0: Ball
2-0: Ball
3-0: Base on Balls
Batting: LHB Dan Hunt 0-0: Ball
1-0: SINGLE (Line Drive, 3L, EV 100.0 MPH)
Wan-ling Zhu to second
Runner from 2nd tries for 3rd, SAFE, throw by RF made to third
Batting: RHB Mikey Sano 0-0: Called Strike
0-1: Ball
1-1: Ball
2-1: Ball
3-1: Called Strike
3-2: Ground out 5-3 (Groundball, 5, EV 88.1 MPH)
Bottom of the 2nd over - 0 runs, 1 hit, 0 errors, 2 left on base; Spokane 0 - Hudson Valley 0
TOP OF THE 3RD
Spokane Indians batting - Pitching for Hudson Valley Renegades : RHP Adam Householder
Batting: RHB Gabe Almazan 0-0: Called Strike
0-1: Ball
1-1: TRIPLE (Flyball, 78XD, EV 110.0 MPH)
Batting: RHB Zach Koblinski 0-0: Called Strike
0-1: Ball
1-1: Ground out 6-3 (Groundball, 56, EV 110.6 MPH)
Gabe Almazan scores
Batting: RHB Rich Thurman 0-0: Ball
1-0: Swinging Strike
1-1: Ball
2-1: Called Strike
2-2: Foul Ball, location: 2F
2-2: Strikes out swinging
Batting: RHB Theo van Gent 0-0: Swinging Strike
0-1: Ball
1-1: Ball
2-1: Called Strike
2-2: Foul Ball, location: 2F
2-2: Ground out 3-1 (Groundball, 34, EV 100.6 MPH)
Top of the 3rd over - 1 run, 1 hit, 0 errors, 0 left on base; Spokane 1 - Hudson Valley 0
BOTTOM OF THE 3RD
Hudson Valley Renegades batting - Pitching for Spokane Indians : LHP Bobby Carroll
Batting: RHB Chris Glavin 0-0: Ball
1-0: Foul Ball, location: 2F
1-1: Ball
2-1: SINGLE (Groundball, 3D, EV 105.0 MPH)
Batting: SHB Chris Lockart 0-0: Swinging Strike
0-1: Ball
1-1: Ball
2-1: Swinging Strike
2-2: Foul Ball, location: 2F
2-2: Strikes out swinging
Batting: LHB Jonathan Spino 0-0: Ball
1-0: Called Strike
1-1: SINGLE (Flyball, 89S, EV 91.9 MPH)
Chris Glavin to second
Batting: RHB Alex Koral 0-0: Called Strike
0-1: Ball
1-1: Foul Ball, location: 2F
1-2: Strikes out swinging
Batting: RHB Kunizo Yanagisawa 0-0: Called Strike
0-1: Ball
1-1: Fielders Choice at 2nd, 5-4 (Groundball, 56, EV 93.8 MPH)
Bottom of the 3rd over - 0 runs, 2 hits, 0 errors, 2 left on base; Spokane 1 - Hudson Valley 0
TOP OF THE 4TH
Spokane Indians batting - Pitching for Hudson Valley Renegades : RHP Adam Householder
Batting: RHB Ron Corn 0-0: Foul Ball, location: 2F
0-1: Ball
1-1: Ball
2-1: Called Strike
2-2: Foul Ball, location: 2F
2-2: Strikes out looking
Batting: LHB Yasahiko Teshima 0-0: Fly out, F8 (Line Drive, 8LM, EV 105.6 MPH)
Batting: RHB Dale Aubrey 0-0: Ball
1-0: Ball
2-0: Called Strike
2-1: Ball
3-1: Foul Ball, location: 2F
3-2: Base on Balls
Batting: RHB Victor Moya 0-0: Ball
Wild Pitch!
Dale Aubrey to second
1-0: Foul Ball, location: 2F
1-1: Fly out, F6 (Popup, 6, EV 75.0 MPH)
Top of the 4th over - 0 runs, 0 hits, 0 errors, 1 left on base; Spokane 1 - Hudson Valley 0
BOTTOM OF THE 4TH
Hudson Valley Renegades batting - Pitching for Spokane Indians : LHP Bobby Carroll
Batting: SHB Joshua Jackson 0-0: Called Strike
0-1: Swinging Strike
0-2: Ball
1-2: Ground out 4-3 (Groundball, 4, EV 90.0 MPH)
Batting: RHB Wan-ling Zhu 0-0: Fly out, F7 (Line Drive, 7, EV 88.8 MPH)
Batting: LHB Dan Hunt 0-0: Foul Ball, location: 2F
0-1: Swinging Strike
0-2: Hit by Pitch
Batting: RHB Mikey Sano 0-0: Called Strike
Dan Hunt steals 2nd base
0-1: Swinging Strike
0-2: Foul Ball, location: 2F
0-2: Ball
1-2: Ball
2-2: Strikes out looking
Bottom of the 4th over - 0 runs, 0 hits, 0 errors, 1 left on base; Spokane 1 - Hudson Valley 0
TOP OF THE 5TH
Spokane Indians batting - Pitching for Hudson Valley Renegades : RHP Adam Householder
Batting: RHB Antonio Morado 0-0: Ball
1-0: Ball
2-0: Ground out 6-3 (Groundball, 6, EV 90.0 MPH)
Batting: RHB Gabe Almazan 0-0: Called Strike
0-1: Ball
1-1: Called Strike
1-2: Strikes out looking
Batting: RHB Zach Koblinski 0-0: Called Strike
0-1: SINGLE (Groundball, 6MD, EV 98.8 MPH)
Batting: RHB Rich Thurman 0-0: Ball
1-0: Swinging Strike
1-1: Ball
2-1: Ball
3-1: Called Strike
3-2: Strikes out swinging
Top of the 5th over - 0 runs, 1 hit, 0 errors, 1 left on base; Spokane 1 - Hudson Valley 0
BOTTOM OF THE 5TH
Hudson Valley Renegades batting - Pitching for Spokane Indians : LHP Bobby Carroll
Batting: RHB Chris Glavin 0-0: Called Strike
0-1: Foul Ball, location: 2F
0-2: Ball
1-2: Foul Ball, location: 2F
1-2: Strikes out swinging
Batting: SHB Chris Lockart 0-0: Foul Ball, location: 2F
0-1: Ball
1-1: Swinging Strike
1-2: Strikes out swinging
Batting: LHB Jonathan Spino 0-0: Ball
1-0: Ball
2-0: Called Strike
2-1: Foul Ball, location: 2F
2-2: Ball
3-2: Ground out 4-3 (Groundball, 4, EV 101.9 MPH)
Bottom of the 5th over - 0 runs, 0 hits, 0 errors, 0 left on base; Spokane 1 - Hudson Valley 0
TOP OF THE 6TH
Spokane Indians batting - Pitching for Hudson Valley Renegades : RHP Adam Householder
Batting: RHB Theo van Gent 0-0: Called Strike
0-1: Ball
1-1: Swinging Strike
1-2: Strikes out swinging
Batting: RHB Ron Corn 0-0: Ball
1-0: Ball
2-0: Ball
3-0: Base on Balls
Batting: LHB Yasahiko Teshima 0-0: Called Strike
0-1: Fielders Choice at 2nd, 3-6 (Groundball, 3, EV 101.2 MPH)
Batting: RHB Dale Aubrey 0-0: Ball
1-0: Ball
Yasahiko Teshima steals 2nd base (no throw)
2-0: Ball
3-0: Called Strike
3-1: Called Strike
3-2: Foul Ball, location: 2F
3-2: Foul Ball, location: 2F
3-2: DOUBLE (Line Drive, 9LS, EV 101.2 MPH)
Yasahiko Teshima scores
Batting: RHB Victor Moya 0-0: Called Strike
0-1: Ball
1-1: SINGLE (Groundball, 25, EV 65.0 MPH) (infield hit)
Dale Aubrey to third
Batting: RHB Antonio Morado 0-0: Swinging Strike
0-1: Swinging Strike
0-2: Strikes out swinging
Top of the 6th over - 1 run, 2 hits, 0 errors, 2 left on base; Spokane 2 - Hudson Valley 0
BOTTOM OF THE 6TH
Hudson Valley Renegades batting - Pitching for Spokane Indians : LHP Bobby Carroll
Batting: RHB Alex Koral 0-0: Ball
1-0: Ball
2-0: Called Strike
2-1: Ground out 4-3 (Groundball, 4, EV 99.4 MPH)
Batting: RHB Kunizo Yanagisawa 0-0: Called Strike
0-1: Ball
1-1: Ball
2-1: Fly out, F7 (Flyball, 7, EV 82.5 MPH)
Batting: SHB Joshua Jackson 0-0: Called Strike
0-1: Called Strike
0-2: SINGLE (Groundball, 56D, EV 105.6 MPH)
Batting: RHB Wan-ling Zhu 0-0: Called Strike
0-1: Ball
1-1: Foul Ball, location: 2F
1-2: Foul Ball, location: 2F
1-2: Ball
2-2: Foul Ball, location: 2F
2-2: Strikes out swinging wild pitch, reaches first!
Joshua Jackson to second
Batting: LHB Dan Hunt 0-0: Fly out, F6 (Popup, 6, EV 74.4 MPH)
Bottom of the 6th over - 0 runs, 1 hit, 0 errors, 2 left on base; Spokane 2 - Hudson Valley 0
TOP OF THE 7TH
Spokane Indians batting - Pitching for Hudson Valley Renegades : RHP Adam Householder
Batting: RHB Gabe Almazan 0-0: Ground out 6-3 (Groundball, 6, EV 85.0 MPH)
Pitching: LHP Chris Bates
Batting: RHB Zach Koblinski 0-0: Called Strike
0-1: Ball
1-1: Swinging Strike
1-2: Foul Ball, location: 2F
1-2: DOUBLE (Line Drive, 78D, EV 101.2 MPH)
Batting: RHB Rich Thurman 0-0: Called Strike
0-1: Ball
1-1: Foul Ball, location: 2F
1-2: Foul Ball, location: 2F
1-2: Fly out, F8 (Flyball, 8RD, EV 105.6 MPH)
Batting: RHB Theo van Gent 0-0: Foul Ball, location: 2F
0-1: Swinging Strike
0-2: Ball
1-2: SINGLE (Groundball, 6, EV 95.6 MPH)
Zach Koblinski to third
Runner from 3rd tries for Home, SAFE, throw by CF to home
Batting: RHB Ron Corn 0-0: Called Strike
0-1: Foul Ball, location: 2F
0-2: Ball
1-2: Strikes out looking
Top of the 7th over - 1 run, 2 hits, 0 errors, 1 left on base; Spokane 3 - Hudson Valley 0
BOTTOM OF THE 7TH
Hudson Valley Renegades batting - Pitching for Spokane Indians : LHP Bobby Carroll
Pitching: RHP Victor Morin
Now in LF: Nick Solberg
Batting: RHB Mikey Sano 0-0: Ball
1-0: Called Strike
1-1: Swinging Strike
1-2: Strikes out looking
Batting: RHB Chris Glavin 0-0: Ground out U3 (Groundball, 34, EV 85.6 MPH)
Batting: SHB Chris Lockart 0-0: Ball
1-0: Foul Ball, location: 2F
1-1: Ground out 6-3 (Groundball, 6M, EV 105.0 MPH)
Bottom of the 7th over - 0 runs, 0 hits, 0 errors, 0 left on base; Spokane 3 - Hudson Valley 0
TOP OF THE 8TH
Spokane Indians batting - Pitching for Hudson Valley Renegades : LHP Chris Bates
Batting: LHB Yasahiko Teshima 0-0: Foul Ball, location: 2F
0-1: Foul Ball, location: 2F
0-2: Ball
1-2: Fly out, F9 (Flyball, 9, EV 89.4 MPH)
Batting: RHB Dale Aubrey 0-0: Called Strike
0-1: Ground out 6-3 (Groundball, 6, EV 85.6 MPH)
Batting: RHB Victor Moya 0-0: Ball
1-0: Swinging Strike
1-1: Hit by Pitch
Batting: RHB Antonio Morado 0-0: Ball
Victor Moya is caught stealing 2nd base 2-4
Top of the 8th over - 0 runs, 0 hits, 0 errors, 0 left on base; Spokane 3 - Hudson Valley 0
BOTTOM OF THE 8TH
Hudson Valley Renegades batting - Pitching for Spokane Indians : RHP Victor Morin
Batting: LHB Jonathan Spino 0-0: Fly out, F7 (Flyball, 78S, EV 73.8 MPH)
Batting: RHB Alex Koral 0-0: Ball
1-0: Ball
2-0: Ball
3-0: Called Strike
3-1: Foul Ball, location: 2F
3-2: Foul Ball, location: 2F
3-2: SINGLE (Groundball, 56D, EV 103.8 MPH)
Batting: RHB Kunizo Yanagisawa 0-0: Ball
1-0: Grounds into double play, 6-4-3 (Groundball, 6MD, EV 105.6 MPH)
Bottom of the 8th over - 0 runs, 1 hit, 0 errors, 0 left on base; Spokane 3 - Hudson Valley 0
TOP OF THE 9TH
Spokane Indians batting - Pitching for Hudson Valley Renegades : LHP Chris Bates
Batting: RHB Antonio Morado 0-0: Fly out, F7 (Line Drive, 78S, EV 98.8 MPH)
Batting: RHB Gabe Almazan 0-0: Called Strike
0-1: Ball
1-1: Ball
2-1: Ball
3-1: Ground out 5-3 (Groundball, 56S, EV 80.6 MPH)
Batting: RHB Zach Koblinski 0-0: Ball
1-0: Called Strike
1-1: Swinging Strike
1-2: Strikes out swinging
Top of the 9th over - 0 runs, 0 hits, 0 errors, 0 left on base; Spokane 3 - Hudson Valley 0
BOTTOM OF THE 9TH
Hudson Valley Renegades batting - Pitching for Spokane Indians : RHP Victor Morin
Pitching: RHP Arturo Vargas
Batting: SHB Joshua Jackson 0-0: Ball
1-0: Ball
2-0: Called Strike
2-1: Ball
3-1: Foul Ball, location: 2F
3-2: Base on Balls
Batting: RHB Wan-ling Zhu
Pinch Hitting: RHB Jon Gonzales 0-0: Fly out, F9 (Flyball, 9, EV 86.2 MPH)
Batting: LHB Dan Hunt 0-0: Ball
1-0: Ball
2-0: Called Strike
2-1: Called Strike
2-2: Ball
3-2: Strikes out swinging
Batting: RHB Mikey Sano 0-0: Swinging Strike
0-1: Called Strike
0-2: Ball
1-2: Foul Ball, location: 2F
1-2: Foul Ball, location: 2F
1-2: Strikes out swinging
Bottom of the 9th over - 0 runs, 0 hits, 0 errors, 1 left on base; Spokane 3 - Hudson Valley 0
Sunday, July 16th , 2023 - OOTP Baseball 24.6 Build 69